 Dungeon Crawl Stone Soup version 0.28.0 (webtiles) character file.

Game seed: 12383506938274766498

352 mopl the Sneak (level 6, 0/43 HPs)
             Began as an Octopode Delver on Feb 8, 2022.
             Slain by an unseen horror (2 damage)
             ... on level 4 of the Dungeon on Feb 9, 2022.
             The game lasted 00:06:01 (3780 turns).

mopl the Sneak (Octopode Delver)                    Turns: 3780, Time: 00:06:01

Health: 0/43       AC:  1    Str: 13    XL:     6   Next: 62%
Magic:  6/6        EV: 18    Int: 13    God:
Gold:   91         SH:  0    Dex: 15    Spells: 5/5 levels left

rFire   . . .      SeeInvis .   a - +0 falchion
rCold   . . .      Faith    .   (no shield)
rNeg    . . .      Spirit   .   (helmet restricted)
rPois   .          Reflect  .   (no amulet)
rElec   .          Harm     .   h - +4 ring of evasion
rCorr   .          Rampage  .   m - ring of wizardry
Will    .....                   (no ring)
Stlth   +++++.....              (no ring)
HPRegen 0.14/turn               (no ring)
MPRegen 0.10/turn               (no ring)
                                (no ring)
                                (no ring)

@: brilliant, attractive, flying
A: almost no armour, amphibious, 8 rings, camouflage 1, gelatinous body 1,
(nimble swimmer 1), tentacles, strong 1
a: no special abilities


You were on level 4 of the Dungeon.
You visited 1 branch of the dungeon, and saw 5 of its levels.

You collected 119 gold pieces.
You spent 28 gold pieces at shops.

Inventory:

Hand Weapons
 a - a +0 falchion (weapon)
Missiles
 n - 13 poisoned darts (quivered)
 p - 6 javelins
 q - 5 datura-tipped darts
Jewellery
 h - a +4 ring of evasion (left tentacle)
 m - a ring of wizardry (right tentacle)
Wands
 f - a wand of digging (3)
Scrolls
 b - 2 scrolls of fog
 c - a scroll of magic mapping
 d - 2 scrolls of fear
 j - 2 scrolls of vulnerability {unknown}
 k - 2 scrolls of identify {unknown}
 o - a scroll of blinking {unknown}
 s - a scroll of enchant weapon {unknown}
Potions
 e - a potion of haste
 i - 2 potions of attraction
 l - 2 potions of brilliance
 r - 2 potions of flight


   Skills:
 + Level 4.2 Fighting
 * Level 4.5 Long Blades
 + Level 0.0 Throwing
 + Level 3.3 Dodging
 + Level 7.8 Stealth


You had 5 spell levels left.
You didn't know any spells.
Your spell library contained the following spells:

 Spells                   Type           Power      Damage    Failure   Level
 Sublimation of Blood     Necr           0%         N/A       19%         2
 Wereblood                Tmut           0%         N/A       19%         2
 Summon Hydra             Summ           0%         N/A       100%        7


Dungeon Overview and Level Annotations

Branches:
Dungeon (5/15)
 Temple: D:4-7

Altars:
Xom

Shops:
D:3 (


Innate Abilities, Weirdness & Mutations

You cannot wear most types of armour.
You are amphibious.
You can wear up to eight rings at the same time.
Your skin changes colour to match your surroundings (Stealth+).
Your rubbery body absorbs attacks. (AC +1, EV +1)
((You are camouflaged when in or above water. (Stealth+)))
You have tentacles for arms and can constrict up to eight enemies at once.
Your muscles are strong. (Str +2)


Message History

You hit the phantom. You squeeze the phantom.
The phantom is heavily damaged.
The phantom closely misses you. The phantom barely misses you.
You closely miss the phantom.
The phantom is heavily damaged.
Something hits you.
Deactivating autopickup; reactivate with Ctrl-A.
The phantom misses you.
You slash the phantom! Your squeeze misses the phantom.
The phantom is severely damaged.
Something hits you. Something hits you! The phantom misses you.
Something hits you!
It was a potion of attraction.
You feel attractive to monsters.
It was a potion of brilliance.
You feel clever all of a sudden. The phantom hits you!
* * * LOW HITPOINT WARNING * * *
It was a potion of flight.
You feel very buoyant.
You fly up into the air.
The phantom barely misses you.
It was a potion of heal wounds.
You feel much better. The phantom closely misses you.
Okay, then.
You barely miss the phantom.
The phantom is severely damaged.
The phantom hits you!
The phantom blinks!
You blink.
Something is attracted toward you. Something hits you.
The phantom is attracted toward you. Something is attracted toward you.
Something hits you.
You miss something. Something barely misses you.
Something hits you but does no damage.
You slash something! You squeeze something! Something hits you.
Something hits you!
* * * LOW HITPOINT WARNING * * *
Something hits you.
* * * LOW HITPOINT WARNING * * *
You closely miss something. Something hits you.
You die...

#.# ##.###########.#
#.# ###.##..........#
#.# #......##########
#.####)#.#.........#
#...........######.#
#.####.#.#..# #.# #.#
#....(.# #.# #.#
###.##.# #.### # #.#
#@##.######...##..
##.#
#.#...............
#..#
#W#.###.#####.##..
#..# #...#
#.####...##. #..#
##.#.###ยงยง...###.#.
#..# #........##.##
#.. #..#
#.#........[# #..
#..#####....##.###.#
##.. #..##.....#.##.#
#..###.#.


You could see a phantom.

Vanquished Creatures
  A bullfrog (D:4)
  A hound (D:4)
  An orc priest (D:4)
  An iguana (D:3)
  An orc wizard (D:4)
  5 gnolls
  A howler monkey skeleton (D:4)
  2 adders
  An ufetubus (D:4)
  3 worms
  3 dart slugs
  8 orcs
  8 bats
  4 endoplasms
  8 goblins
  9 hobgoblins
  5 kobolds
  2 quokkas
  7 ball pythons
  4 frilled lizards
  7 rats
82 creatures vanquished.

Notes
Turn   | Place    | Note
-------+----------+-------------------------------------------
     0 | D:5      | mopl the Octopode Delver began the quest for the Orb.
     0 | D:5      | Reached XP level 1. HP: 16/16 MP: 1/1
    23 | D:4      | Reached XP level 2. HP: 19/21 MP: 2/2
    35 | D:4      | Noticed a scorpion
    35 | D:4      | Noticed a bullfrog
   286 | D:4      | HP: 1/21 [bullfrog (3)]
   287 | D:4      | Killed a bullfrog
   288 | D:4      | Reached skill level 3 in Long Blades
   288 | D:4      | Reached skill level 7 in Stealth
   288 | D:4      | Reached XP level 3. HP: 2/26 MP: 3/3
   288 | D:4      | Reached XP level 4. HP: 2/31 MP: 4/4
   680 | D:4      | Reached XP level 5. HP: 21/36 MP: 5/5
   902 | D:4      | Reached skill level 3 in Dodging
  1379 | D:1      | Reached skill level 4 in Long Blades
  1564 | D:1      | Found a faded altar of an unknown god.
  1576 | D:1      | Prayed at the altar of an unknown god.
  1576 | D:1      | Became a worshipper of Xom of Gnomic Intent
  1577 | D:1      | Fell from the grace of Xom
  1833 | D:1      | Reached skill level 4 in Fighting
  1912 | D:1      | Reached XP level 6. HP: 39/43 MP: 6/6
  2792 | D:2      | XOM: give mutations
  2792 | D:2      | Gained mutation: You do not regenerate when monsters are
                  | visible. [Xom's mischief]
  2792 | D:2      | Gained mutation: Your muscles are strong. (Str +2) [Xom's
                  | mischief]
  2792 | D:2      | Lost mutation: You do not regenerate when monsters are
                  | visible. [Xom's mischief]
  2922 | D:3      | XOM: chaos upgrade
  3320 | D:3      | Found Mehod's Weapon Shoppe.
  3329 | D:3      | Bought 5 poisoned darts for 28 gold pieces
  3549 | D:4      | Noticed a black bear
  3551 | D:4      | a black bear changed into something unseen
  3551 | D:4      | XOM: polymorph black bear -> something unseen
  3779 | D:4      | HP: 1/43 [something (3)]
  3780 | D:4      | Slain by an unseen horror

Illustrated notes

Levels and vault maps discovered:
D:1:      saegor_arrival_simple_e, layout_basic,
          ebering_ecumenical_altar_petrified
D:2:      layout_rooms
D:3:      layout_rooms, serial_shops, shop, kennysheep_donut
D:4:      layout_loops_ring
D:5:      layout_basic, gammafunk_ghost_split

Skill      XL: |  1  2  3  4  5 |
---------------+----------------+-----
Long Blades    | 3 4 |  4.5
Stealth        | 7 |  7.8
Dodging        | 3 |  3.3
Fighting       | 4 |  4.2

Action                   |  1- 3 |  4- 6 || total
-------------------------+-------+-------++-------
Melee: Falchion          |    11 |   176 ||   187
       Constrict         |     2 |    48 ||    50
       Punch             |     1 |       ||     1
       Tentacles         |     1 |    40 ||    41
Invok: Renounce Religion |       |     1 ||     1
  Use: Potion            |       |     4 ||     4
 Stab: Sleeping          |     1 |    20 ||    21
       Distracted        |       |     1 ||     1
Armor: Skin              |       |    10 ||    10
Dodge: Dodged            |     6 |   143 ||   149
